 Dungeon Crawl Stone Soup version 0.28-a0-197-g74814aa22a (webtiles) character file.

Game seed: 8678742121795678557

93 Arne the Gusty (level 4, -5/25 HPs)
             Began as a Tengu Air Elementalist on Aug 19, 2021.
             Slain by a scorpion (6 damage)
             ... on level 6 of the Dungeon.
             The game lasted 00:13:32 (1899 turns).

Arne the Gusty (Tengu Air Elementalist)             Turns: 1899, Time: 00:13:33

Health: -5/25      AC:  3    Str:  9    XL:     4   Next: 62%
Magic:  0/9        EV: 12    Int: 16    God:
Gold:   55         SH:  0    Dex: 14    Spells: 7/8 levels left

rFire   . . .      SeeInvis .   l - +0 short sword
rCold   . . .      Faith    .   (no shield)
rNeg    . . .      Spirit   .   g - +0 leather armour
rPois   .          Reflect  .   (helmet restricted)
rElec   .          Harm     .   (no cloak)
rCorr   .          Rampage  .   (no gloves)
Will    .....                   (boots unavailable)
Stlth   ++........              (no amulet)
HPRegen 0.08/turn               (no ring)
MPRegen 0.11/turn               (no ring)

@: lethally poisoned (-5 -> -10), very slightly contaminated
A: beak, talons 3
a: no special abilities


You were on level 6 of the Dungeon.
You visited 1 branch of the dungeon, and saw 4 of its levels.

You collected 55 gold pieces.

Inventory:

Hand Weapons
 c - a +0 dagger
 d - a +0 rapier
 l - a +0 short sword (weapon)
Armour
 a - a +0 robe
 g - a +0 leather armour (worn)
Jewellery
 n - a ring of ice
Scrolls
 b - a scroll of fog {unknown}
 h - a scroll of noise {unknown}
 k - 2 scrolls of identify {unknown}
 m - a scroll of silence {unknown}
Potions
 e - a potion of heal wounds
 f - a potion of curing {unknown}
 i - 2 potions of flight {unknown}
 j - a potion of brilliance {unknown}


   Skills:
 * Level 1.3 Fighting
 + Level 1.6 Short Blades
 + Level 0.4 Armour
 * Level 2.9 Dodging
 + Level 2.1 Stealth
 * Level 2.8 Spellcasting
 + Level 1.4 Conjurations
 + Level 4.4 Air Magic


You had 7 spell levels left.
You knew the following spells:

 Your Spells              Type           Power      Damage    Failure   Level
a - Shock                 Conj/Air       44%        1d5       8%          1

Your spell library contained the following spells:

 Spells                   Type           Power      Damage    Failure   Level
 Static Discharge         Conj/Air       11%        N/A       12%         2
 Swiftness                Air            16%        N/A       12%         3
 Foxfire                  Conj/Fire      16%        2x1d4     19%         1
 Airstrike                Air            8%         N/A       38%         4
 Conjure Flame            Conj/Fire      4%         6-21      50%         3
 Inner Flame              Hex/Fire       2%         N/A       61%         3
 Tukima's Dance           Hex            2%         N/A       61%         3
 Passage of Golubria      Tloc           N/A        N/A       95%         4
 Yara's Violent Unravell  Hex/Tmut       1%         3d3       100%        5


Dungeon Overview and Level Annotations

Branches:
Dungeon (3/15)

Altars:

Shops:
D:3 (


Innate Abilities, Weirdness & Mutations

You have a beak for a mouth.
You have claws for feet.


Message History

Press: ? - help, Shift-Dir - straight line, f/p - scorpion
Aim: a scorpion (heavily wounded, 68% to hit)
You miscast Shock.
You are very lightly contaminated with residual magic.
Nothing appears to happen.
The scorpion stings you.
You are lethally poisoned!
The scorpion poisons you!
You feel very sick. The scorpion stings you. The scorpion barely misses you.
* * * LOW HITPOINT WARNING * * *
You feel sick.
Casting: Shock (safe; 8% risk of failure)
Confirm with . or Enter, or press ? or * to list all spells.
Aiming: Shock (safe; 8% risk of failure)
Press: ? - help, Shift-Dir - straight line, f/p - scorpion
Aim: a scorpion (heavily wounded, 68% to hit)
The zap hits the scorpion.
The scorpion is severely wounded.
* * * LOW HITPOINT WARNING * * *
You feel sick. The scorpion stings you.
* * * LOW HITPOINT WARNING * * *
Casting: Shock (safe; 8% risk of failure)
Confirm with . or Enter, or press ? or * to list all spells.
Aiming: Shock (safe; 8% risk of failure)
Press: ? - help, Shift-Dir - straight line, f/p - scorpion
Aim: a scorpion (severely wounded, 68% to hit)
The zap hits the scorpion.
The scorpion is almost dead.
* * * LOW HITPOINT WARNING * * *
You feel sick. The scorpion misses you.
Casting: Shock (safe; 8% risk of failure)
Confirm with . or Enter, or press ? or * to list all spells.
Aiming: Shock (safe; 8% risk of failure)
Press: ? - help, Shift-Dir - straight line, f/p - scorpion
Aim: a scorpion (almost dead, 68% to hit)
The zap hits the scorpion.
The scorpion is almost dead.
* * * LOW HITPOINT WARNING * * *
You feel sick. The scorpion stings you.
You die...

#. ..
.#####
....#
...#
#####).#
#......#
#..@s..#
#..#####
#.. #..
#.. ###


You could see a scorpion.

Vanquished Creatures
  3 adders (D:2)
  A gnoll (D:2)
  A dart slug (D:1)
  4 orcs
  4 ball pythons
  3 endoplasms
  4 goblins
  7 hobgoblins
  6 quokkas
  7 bats
  6 kobolds
  2 rats (D:2)
48 creatures vanquished.

Notes
Turn   | Place    | Note
-------+----------+-------------------------------------------
     0 | D:1      | Arne the Tengu Air Elementalist began the quest for the
                  | Orb.
     0 | D:1      | Reached XP level 1. HP: 10/10 MP: 4/4
   379 | D:1      | Reached XP level 2. HP: 15/15 MP: 6/6
   870 | D:2      | Reached XP level 3. HP: 19/19 MP: 6/8
  1191 | D:2      | Reached skill level 1 in Fighting
  1191 | D:2      | Reached XP level 4. HP: 14/25 MP: 6/9
  1328 | D:2      | Found a faded altar of an unknown god.
  1435 | D:2      | Reached skill level 1 in Short Blades
  1852 | D:3      | Found Tiuqip's Antique Weapon Boutique.
  1885 | D:3      | You fall into a shaft and drop 3 floors!
  1886 | D:6      | Noticed a scorpion
  1898 | D:6      | HP: 1/25 [poisoned by a scorpion]
  1899 | D:6      | Slain by a scorpion

Illustrated notes

Levels and vault maps discovered:
D:1:      amcnicky_arrival_wind_blow, layout_loops_ring, st_stairs_12
D:2:      minmay_skewed_foursquare, layout_rooms,
          ebering_ecumenical_altar_abandoned, st_stairs_4
D:3:      layout_rooms, nicolae_overflow_hidden_temple, serial_shops,
          nicolae_shop_trees, minivault_24
D:6:      kennysheep_windowed_halls, layout_gridville, makhleb_grotto_becter,
          mainiacjoe_overflow_alcove_4, minmay_three_doors

Skill      XL: |  1  2  3  4 |
---------------+-------------+-----
Fighting       | 1 |  1.3
Short Blades   | 1 |  1.6
Armour         | |  0.4
Dodging        | |  2.9
Stealth        | |  2.1
Spellcasting   | |  2.8
Conjurations   | |  1.4
Air Magic      | |  4.4

Action                   |  1- 3 |  4- 6 || total
-------------------------+-------+-------++-------
Melee: Rapier            |    44 |       ||    44
       Unarmed           |     4 |       ||     4
       Kick              |     6 |     9 ||    15
       Dagger            |     1 |       ||     1
       Peck              |     4 |     5 ||     9
       Short sword       |     9 |    42 ||    51
 Cast: Shock             |    27 |    24 ||    51
 Stab: Sleeping          |     2 |       ||     2
Armor: Robe              |     4 |       ||     4
       Leather armour    |    22 |     9 ||    31
Dodge: Dodged            |    49 |    44 ||    93

Table legend: (Time is in decaauts)
 A = Elapsed time spent in this place.
 B = Non-inter-level travel time spent in this place.
 C = Inter-level travel time spent in this place.
 D = Time resting spent in this place.
 E = Time spent auto-exploring this place.
 F = Levels seen in this place.
 G = Mean time per level.
                   A        B        C        D        E       F      G
               +--------+--------+--------+--------+--------+-----+--------+
         Total |   1908 |   1890 |     18 |      0 |    769 |   4 |  477.0 |
       Dungeon |   1908 |   1890 |     18 |      0 |    769 |   4 |  477.0 |
               +--------+--------+--------+--------+--------+-----+--------+

Top non-repeatable levels by time:
     D:2: 894 daAuts
     D:1: 870 daAuts
     D:3: 130 daAuts
     D:6: 13 daAuts
